 Dungeon Crawl Stone Soup version 0.19-a0-1907-gcff654f (webtiles) character file.

149 suicidejoker the Sneak (level 5, -3/25 HPs)
             Began as a Spriggan Enchanter on Oct 22, 2016.
             Slain by an orc (5 damage)
             ... on level 3 of the Dungeon.
             The game lasted 00:05:21 (2705 turns).

suicidejoker the Sneak (Spriggan Enchanter)         Turns: 2705, Time: 00:05:22

Health: -3/25      AC:  6    Str:  5    XL:     5   Next: 9%
Magic:  0/10       EV: 19    Int: 17    God:
Gold:   186        SH:  0    Dex: 16    Spells: 2 memorised, 7 levels left

rFire  . . .     SeeInvis +     a - +1 dagger
rCold  . . .     Gourm    .     b - +1 robe
rNeg   . . .     Faith    .     (shield restricted)
rPois  .         Spirit   .     (helmet restricted)
rElec  .         Reflect  .     n - +2 cloak
rCorr  .         Harm     .     (gloves unavailable)
MR     .....                    (boots unavailable)
Stlth  +++.......               (no amulet)
                                (no ring)
                                (no ring)

@: very quick
A: unfitting armour, see invisible, herbivore 3, speed 3, slow metabolism 2
a: no special abilities


You were on level 3 of the Dungeon.
You were not hungry.

You visited 1 branch of the dungeon, and saw 3 of its levels.

You collected 186 gold pieces.

Inventory:

Hand Weapons
 a - a +1 dagger (weapon)
 w - a +2 short sword of venom
 y - a cursed -3 short sword
Missiles
 s - 7 curare-tipped needles
Armour
 b - a +1 robe (worn)
 n - a +2 cloak (worn)
Wands
 z - a wand of digging (11/24)
Scrolls
 g - 4 scrolls of remove curse {unknown}
 h - 2 scrolls of noise {unknown}
 i - 2 scrolls of magic mapping {unknown}
 j - 5 scrolls of enchant armour {unknown}
 l - a scroll of fog {unknown}
 m - a scroll of random uselessness {unknown}
 p - a scroll of teleportation {unknown}
 q - a scroll of enchant weapon {unknown}
 t - 2 scrolls of identify {unknown}
 v - 2 scrolls of blinking {unknown}
Potions
 e - a potion of berserk rage {unknown}
 o - a potion of mutation {unknown}
 u - 3 potions of heal wounds {unknown}
 x - a potion of agility {unknown}
Books
 c - a book of Maledictions

   Spells                             Type                      Level
   a - Corona                         Hexes                        1
   b - Ensorcelled Hibernation        Hexes/Ice                    2
   c - Confuse                        Hexes                        3
   d - Tukima's Dance                 Hexes                        3
   e - Dazzling Spray                 Conjuration/Hexes            3
 r - a book of Cantrips

   Spells                             Type                      Level
   a - Confusing Touch                Hexes                        1
   b - Animate Skeleton               Necromancy                   1
   c - Summon Small Mammal            Summoning                    1
   d - Apportation                    Translocation                1
Comestibles
 d - 2 bread rations
 f - 6 fruits


   Skills:
 + Level 0.4 Fighting
 + Level 2.4 Short Blades
 + Level 4.0 Dodging
 + Level 5.6 Stealth
 + Level 3.2 Spellcasting
 + Level 4.4 Hexes
 + Level 1.1 Ice Magic


You had 7 spell levels left.
You knew the following spells:

 Your Spells              Type           Power        Failure   Level  Hunger
a - Corona                Hex            ###....      2%          1    None
b - Ensorcelled Hibernat  Hex/Ice        ##....       10%         2    ##.....


Dungeon Overview and Level Annotations

Branches:
Dungeon (3/15)

Altars:
Cheibriados
Gozag
Zin


Innate Abilities, Weirdness & Mutations

You are very small and have problems with some larger weapons.
You are too small for most types of armour.
You have supernaturally acute eyesight. (SInv)
You are a herbivore.
You cover ground extremely quickly.
You need consume almost no food.


Message History

The orc is severely wounded.
The orc misses you.
You barely miss the orc.
The orc is severely wounded.
The orc barely misses you.
You hit the orc but do no damage.
The orc is severely wounded.
The orc barely misses you.
You hit the orc but do no damage.
The orc is severely wounded.
You hit the orc but do no damage.
The orc is severely wounded.
The orc barely misses you.
Evoke which item? (* to show all) (? for menu, Esc to quit)
Okay, then.
Okay, then.
You closely miss the orc.
The orc is severely wounded.
The orc hits you.
You die...

..######..........# #...# #...#
.......##.........# ###.####...#
........#.........# ####........#
≈≈≈...............###...........#
≈≈≈≈..................##.†......#
≈.≈≈................##........###
≈≈≈≈..>.............##.###.##.###
≈≈≈........#.....)...............
...#....##..#...@)...............
.#..............)o.......####..##
.###....##...........>...####..#
.# ###.......#.............##..##
.## #.......##..........#......#
..####..).....#..........###..#..
....##.....#....#..).......#.####
.....#.....##...#.....#.##.......
..........<..................#...


You could see an orc.

Vanquished Creatures
  Ijyb (D:3)
  5 adders
  3 dart slugs
  4 leopard geckos
  3 orcs (D:3)
  3 giant cockroaches
  6 goblins
  10 hobgoblins
  5 jackals (D:2)
  2 quokkas
  A ball python (D:2)
  3 bats
  5 frilled lizards
  4 kobolds
  7 rats
62 creatures vanquished.

Notes
Turn   | Place    | Note
-------+----------+-------------------------------------------
     0 | D:1      | suicidejoker the Spriggan Enchanter began the quest for the Orb.
     0 | D:1      | Reached XP level 1. HP: 9/9 MP: 5/5
   453 | D:1      | Reached XP level 2. HP: 11/13 MP: 6/6
   457 | D:1      | Learned a level 2 spell: Ensorcelled Hibernation
  1200 | D:2      | Reached XP level 3. HP: 16/16 MP: 5/8
  1594 | D:2      | Reached skill level 5 in Stealth
  1802 | D:2      | Reached XP level 4. HP: 21/21 MP: 9/9
  2097 | D:3      | Found a snail-covered altar of Cheibriados.
  2154 | D:3      | Found a glowing silver altar of Zin.
  2155 | D:3      | Found an opulent altar of Gozag.
  2401 | D:3      | Reached skill level 1 in Ice Magic
  2489 | D:3      | Noticed Ijyb
  2497 | D:3      | Killed Ijyb
  2497 | D:3      | Reached XP level 5. HP: 25/25 MP: 1/10
  2694 | D:3      | HP: 1/25 [orc (2)]
  2705 | D:3      | Slain by an orc

Vault maps used:
D:1:      dpeg_arrival_orchard, serial_glass, glass_columns_a, glass_columns_b,
          glass_columns_a, glass_columns_a, glass_columns_a, glass_columns_c,
          glass_columns_b, glass_columns_a, glass_columns_c, glass_columns_c,
          glass_columns_a, glass_columns_a, glass_columns_c, glass_columns_c,
          due_unseen_surprise, minmay_strange_pillars
D:2:      first_bread
D:3:      grunt_temple_overflow_gold_and_silver, kennysheep_slug_shrine,
          uniq_iyjb

Skill      XL: |  1  2  3  4 |
---------------+-------------+-----
Hexes          | 4 |  4.4
Spellcasting   | 3 |  3.2
Short Blades   | 2 |  2.4
Stealth        | 5 |  5.6
Ice Magic      | 1 |  1.1
Dodging        | 4 |  4.0
Fighting       | |  0.4

Action                   |  1- 3 |  4- 6 || total
-------------------------+-------+-------++-------
Melee: Dagger            |   191 |    93 ||   284
 Cast: Ensorcelled Hiber |    18 |    19 ||    37
 Stab: Sleeping          |     9 |    12 ||    21
  Eat: Royal jelly       |       |     1 ||     1
Armor: Robe              |    41 |    16 ||    57
Dodge: Dodged            |   184 |    99 ||   283
